 Dungeon Crawl Stone Soup version 0.20.1-1-g8b1a95d (webtiles) character file.

7550 mastercheaf21 the Basher (level 10, -1/97 HPs)
             Began as a Minotaur Berserker on Nov 8, 2017.
             Was an Elder of Trog.
             Killed from afar by a hell hound (15 damage)
             ... with a blast of flame
             ... on level 9 of the Dungeon.
             The game lasted 00:45:13 (9313 turns).

mastercheaf21 the Basher (Minotaur Berserker)       Turns: 9313, Time: 00:45:14

Health: -1/97      AC: 25    Str: 25 (26) XL:     10   Next: 96%
Magic:  9/9        EV:  9    Int:  4      God:    Trog [****..]
Gold:   505        SH:  6    Dex: 11      Spells: 9/9 levels left

rFire    . . .     SeeInvis .   r - +1 flail
rCold    . . .     Gourm    .   (no shield)
rNeg     . . .     Faith    .   f - +0 chain mail
rPois    .         Spirit   .   G - +0 hat {MR+}
rElec    .         Reflect  +   q - +1 cloak
rCorr    .         Harm     .   (no gloves)
MR       +....                  A - +0 pair of boots
Stlth    ..........             w - +6 amulet of reflection
Regen    0.0/turn               v - +3 ring of protection
MPRegen  0.2/turn               K - +4 ring of protection

@: berserk cooldown, drained
A: retaliatory headbutt, horns 2, talons 1, icy blue scales 1, deterioration 1,
screaming 2, inhibited regeneration, strong 1, MP-powered wands
a: Berserk, Trog's Hand, Brothers in Arms, Burn Spellbooks, Renounce Religion


You were on level 9 of the Dungeon.
You worshipped Trog.
Trog was greatly pleased with you.
You were very hungry.

You visited 2 branches of the dungeon, and saw 10 of its levels.
You also visited: Sewer.

You collected 505 gold pieces.

Inventory:

Hand Weapons
 h - a +2 halberd of chopping
 i - a +2 spear of freezing
 k - a +0 whip
 r - a +1 flail (weapon)
 t - a +1 spear of venom
 y - a +1 whip of draining
 D - a +1 whip of electrocution
 H - a +1 scimitar of flaming
Missiles
 C - 16 tomahawks (quivered)
Armour
 f - a +0 chain mail (worn)
 q - a +1 cloak (worn)
 A - a +0 pair of boots (worn)
 G - a +0 hat of magic resistance (worn)
Jewellery
 b - an uncursed amulet of guardian spirit
 e - a +5 amulet of reflection
 v - a +3 ring of protection (left hand)
 w - a +6 amulet of reflection (around neck)
 K - a +4 ring of protection (right hand)
Wands
 F - a wand of lightning (5/15)
Scrolls
 d - 4 scrolls of teleportation
 j - 6 scrolls of remove curse
 m - 3 scrolls of blinking
 n - a scroll of noise
 o - 3 scrolls of fear
 p - 2 scrolls of immolation
 x - 4 scrolls of identify
 E - a scroll of recharging
 I - a scroll of brand weapon {unknown}
Potions
 g - 5 potions of curing
 s - 2 potions of brilliance
 z - a potion of agility
 J - a potion of lignification {unknown}
Books
 a - a book of Cantrips

   Spells                             Type                      Level
   a - Confusing Touch                Hexes                        1
   b - Animate Skeleton               Necromancy                   1
   c - Summon Small Mammal            Summoning                    1
   d - Apportation                    Translocation                1
   Trog disapproves of the use of such an item.
Comestibles
 c - 5 bread rations
 l - 4 fruits
 u - 3 meat rations
 B - 2 royal jellies


   Skills:
 - Level 11.8(11.4) Fighting
 - Level 12.4(12.0) Maces & Flails
 + Level 11.4(11.1) Armour
 - Level 2.1(1.9) Dodging


You had 9 spell levels left.
You didn't know any spells.

Dungeon Overview and Level Annotations

Branches:
Dungeon (9/15)             Temple (1/1) D:7
   Lair: D:8-11         Orc: D:9-12

Altars:
Ashenzari
Cheibriados
Dithmenos
Elyvilon
Fedhas
Gozag
Hepliaklqana
Kikubaaqudgha
Makhleb
Nemelex Xobeh
Okawaru
Qazlal
Ru
Sif Muna
Trog
Uskayaw
Vehumet
Xom
Yredelemnul
Zin
The Shining One


Innate Abilities, Weirdness & Mutations

You reflexively headbutt those who attack you in melee.
You have a pair of horns on your head.
You have sharp toenails.
You are partially covered in icy blue scales. (AC +2)
Your body sometimes deteriorates upon taking damage.
You sometimes yell uncontrollably at your foes.
You do not regenerate when monsters are visible.
Your muscles are strong. (Str +2)
You expend magic power (3 MP) to strengthen your wands.


Message History

The phantom hits you but does no damage.
The hell hound misses you. You furiously retaliate!
You headbutt the hell hound, but do no damage.
The wight hits you but does no damage.
You're still recovering from your berserk rage.
You fail to use your ability.
You block the hell hound's attack. The crimson imp puffs mist at you.
The phantom hits you but does no damage.
The hell hound bites you but does no damage.
You block the wight's attack.
The phantom blinks!
Unknown command.
Your ogre goes berserk!
You are feeling very hungry.
Trog will no longer gift you weapons.
The hell hound bites you but does no damage.
The wight hits you but does no damage. You block the hell hound's attack.
You feel yourself speed up. The hell hound breathes flames at you.
The blast of flame hits you!
You die...

#..............#
####.#.....####.... #.
.....#######.### #.
#............# #.
#.##.#.......# #.
#z.....).....##. #.
#z#.#...........
#O##h..............
#.@†5.W.#.......###
#......#######.......#
######. #.......# #.
######### #. .? #. #.


You could see a phantom, a hell hound, a crimson imp and a friendly ogre
(berserk).

Vanquished Creatures
  A centaur warrior (D:9)
  Erica (D:8)
  The ghost of rrRat the Fighter, a novice DrBe of Trog (D:9)
  Pikel (D:7)
  A troll (D:9)
  A hippogriff (D:9)
  A hell hound (D:9)
  2 orc warriors (D:7)
  2 sky beasts
  An ice beast (D:5)
  2 phantoms
  3 ogres
  4 centaurs
  4 big kobolds
  7 bullfrogs
  A scorpion (D:6)
  8 killer bees
  2 wights (D:9)
  3 crimson imps
  A centaur skeleton (D:5)
  A gnoll shaman (D:7)
  2 orc priests
  A bullfrog skeleton (D:7)
  2 hounds
  6 orc wizards
  2 iguanas
  5 worker ants
  A hound skeleton (D:6)
  A worker ant zombie (D:5)
  14 gnolls
  6 adders
  3 river rats (Sewer)
  2 shadow imps
  4 oozes
  An adder skeleton (D:7)
  An adder zombie (D:9)
  5 worms
  A dart slug (D:2)
  6 leopard geckos
  24 orcs
  5 giant cockroaches
  6 goblins
  8 hobgoblins
  19 jackals
  17 kobolds
  5 quokkas
  3 ball pythons
  2 bats (D:1)
  8 frilled lizards
  A jackal zombie (D:6)
  A quokka skeleton (D:4)
  8 rats
218 creatures vanquished.

Vanquished Creatures (collateral kills)
  Gastronok (D:8)
1 creature vanquished.

Vanquished Creatures (others)
  3 slaves (D:7)
  An ogre (D:7)
  A bullfrog (D:7)
  A worker ant (D:7)
  A howler monkey zombie (D:7)
  An adder (D:7)
  2 adder skeletons (D:7)
  An orc (D:6)
11 creatures vanquished.

Grand Total: 230 creatures vanquished

Notes
Turn   | Place    | Note
-------+----------+-------------------------------------------
     0 | D:1      | mastercheaf21 the Minotaur Berserker began the quest for the Orb.
     0 | D:1      | Reached XP level 1. HP: 19/19 MP: 0/0
    39 | D:1      | Reached skill level 4 in Maces & Flails
   259 | D:1      | Reached XP level 2. HP: 24/26 MP: 1/1
   636 | D:2      | Reached skill level 5 in Maces & Flails
   640 | D:2      | Found a sacrificial altar of Ru.
   640 | D:2      | Found a basalt altar of Yredelemnul.
   722 | D:2      | Reached XP level 3. HP: 30/31 MP: 2/2
  1237 | D:3      | Reached ** piety under Trog
  1463 | D:3      | Reached XP level 4. HP: 39/39 MP: 3/3
  1474 | D:3      | Reached skill level 6 in Maces & Flails
  1742 | D:3      | Reached skill level 7 in Maces & Flails
  1742 | D:3      | Reached XP level 5. HP: 34/45 MP: 4/4
  1775 | D:3      | Noticed a fire elemental
  1778 | D:3      | Found a stormy altar of Qazlal.
  1780 | D:3      | Noticed an air elemental
  1780 | D:3      | Noticed a water elemental
  1971 | D:3      | Noticed a sky beast
  1979 | D:3      | Killed a sky beast
  1979 | D:3      | Reached skill level 8 in Maces & Flails
  1983 | D:3      | Gained mutation: Your muscles are strong. (Str +2) [mutagenic meat]
  1985 | D:3      | Gained mutation: You are partially covered in icy blue scales. (AC +2) [mutagenic meat]
  1986 | D:3      | Gained mutation: You do not regenerate when monsters are visible. [mutagenic meat]
  1987 | D:3      | Gained mutation: You tend to lose your temper in combat. [mutagenic meat]
  1988 | D:3      | Lost mutation: You tend to lose your temper in combat. [mutagenic meat]
  1989 | D:3      | Gained mutation: You have sharp toenails. [mutagenic meat]
  2444 | D:4      | Reached XP level 6. HP: 52/52 MP: 5/5
  2466 | D:4      | Found a glowing drain.
  2558 | D:4      | Reached *** piety under Trog
  2792 | Sewer    | Entered a sewer
  3163 | Sewer    | Reached skill level 9 in Maces & Flails
  3167 | Sewer    | Reached XP level 7. HP: 59/60 MP: 6/6
  3314 | D:5      | Entered Level 5 of the Dungeon
  3330 | D:5      | Found a bloodstained altar of Trog.
  3338 | D:5      | Reached skill level 5 in Fighting
  3400 | D:5      | Reached skill level 10 in Maces & Flails
  3640 | D:5      | Found a blossoming altar of Fedhas.
  3649 | D:5      | Reached XP level 8. HP: 49/70 MP: 7/7
  4372 | D:6      | Reached **** piety under Trog
  4424 | D:6      | Found a burning altar of Makhleb.
  4462 | D:6      | Found a sparkling altar of Nemelex Xobeh.
  4504 | D:6      | Reached skill level 11 in Maces & Flails
  5082 | D:7      | Noticed Pikel
  5095 | D:7      | Killed Pikel
  5191 | D:7      | Found a staircase to the Ecumenical Temple.
  5302 | D:7      | Reached skill level 12 in Maces & Flails
  5316 | D:7      | Gained mutation: You occasionally shout uncontrollably at your foes. [mutagenic meat]
  5319 | D:7      | Gained mutation: You sometimes yell uncontrollably at your foes. [mutagenic meat]
  5320 | D:7      | Gained mutation: You expend magic power (3 MP) to strengthen your wands. [mutagenic meat]
  5321 | D:7      | Gained mutation: Your body sometimes deteriorates upon taking damage. [mutagenic meat]
  5335 | D:7      | Reached XP level 9. HP: 76/82 MP: 8/8
  6430 | D:7      | Reached skill level 10 in Fighting
  6972 | Temple   | Entered the Ecumenical Temple
  7328 | D:8      | Noticed Gastronok
  7354 | D:8      | Killed Gastronok
  7354 | D:8      | Reached skill level 5 in Armour
  7354 | D:8      | Reached XP level 10. HP: 62/97 MP: 9/9
  7510 | D:8      | Found an opulent altar of Gozag.
  7809 | D:8      | Reached ***** piety under Trog
  8069 | D:8      | Noticed Erica
  8077 | D:8      | Killed Erica
  8679 | D:9      | Noticed rrRat's ghost (novice DrBe)
  8703 | D:9      | Killed rrRat's ghost
  8731 | D:9      | HP: 4/97 [poisoned by rrRat's ghost]
  8737 | D:9      | HP: 3/97 [poisoned by rrRat's ghost]
  8745 | D:9      | HP: 3/97 [poisoned by rrRat's ghost]
  9266 | D:9      | Reached skill level 10 in Armour
  9270 | D:9      | Noticed a centaur warrior
  9290 | D:9      | Killed a centaur warrior
  9313 | D:9      | Killed from afar by a hell hound

Skill      XL: |  1  2  3  4  5  6  7  8  9 10 |
---------------+-------------------------------+-----
Maces & Flails | 4 5 7 8 9 10 12 | 12.4
Fighting       | 4 5 8 11 | 11.8
Armour         | 5 11 | 11.4
Dodging        | |  2.1

Action                   |  1- 3 |  4- 6 |  7- 9 | 10-12 || total
-------------------------+-------+-------+-------+-------++-------
Melee: Mace              |    74 |       |       |       ||    74
       Headbutt          |     7 |    20 |    46 |    25 ||    98
       Flail             |     5 |   159 |   245 |   138 ||   547
       Kick              |       |    23 |    41 |       ||    64
Invok: Berserk           |       |       |     2 |     3 ||     5
       Trog's Hand       |       |       |       |     1 ||     1
       Brothers in Arms  |       |       |       |     1 ||     1
  Use: Scroll            |       |       |    13 |       ||    13
       Potion            |       |       |     5 |     2 ||     7
  Eat: Chunk             |     1 |    12 |    20 |     4 ||    37
       Bread ration      |       |       |       |     1 ||     1
Armor: Animal skin       |     2 |       |       |       ||     2
       Chain mail        |    40 |    90 |   170 |   127 ||   427
Dodge: Dodged            |    45 |    60 |   146 |    70 ||   321
Block: Other             |       |       |     3 |    62 ||    65
